cohdb
Replays
Latest Replays
All Replays
Popular Replays
Top Player Replays
Match Explorer
How It Works
Community
CoH3 Stats
Reddit
Sign in to upload your games and track your stats! →
Sign in with Steam
Match 41500232
Unlisted
Match 41500232
Overview
Messages
Build Orders
End
Engineer Squad
Construct Barracks
Riflemen Squad
1⁄4-ton 4x4 Truck
Selects Armored Battlegroup
Selects Veteran Crews
Riflemen Squad
Riflemen Squad
Construct Medical Station
Grenade Package
Infantry Support Center
Construct Motor Pool
Selects Fast Deploy
Selects M31 Recovery Vehicle
M8 Greyhound Armored Car
M1918 Browning Automatic Rifles
Selects War Machine
Advanced Logistics
M24 Chaffee Light Tank
Engineer Squad
Riflemen Squad
Riflemen Squad
Selects Seek and Destroy
M24 Chaffee Light Tank
Survival Training
M24 Chaffee Light Tank
Selects M4A3E8 Sherman Combat Group
M4A3E8 Sherman Combat Group
Munitions Surplus
M4A3E8 Sherman Combat Group
Riflemen Squad
40 years old player 小水水
Fortune
0
0
Comments
sign in to comment!
No comments posted yet!